 Dungeon Crawl Stone Soup version 0.27.1-33-g824d729ab1 (webtiles) character file.

Game seed: 17242850488261039050

28 Descartes the Sneak (level 3, 0/15 HPs)
             Began as a Felid Wanderer on Nov 29, 2021.
             Succumbed to an adder's poison
             ... on level 2 of the Dungeon.
             The game lasted 00:01:15 (483 turns).

Descartes the Sneak (Felid Wanderer)                 Turns: 483, Time: 00:01:15

Health: 0/15       AC:  1    Str:  9    XL:     3   Next: 0%
Magic:  4/4        EV: 18    Int: 14    God:
Gold:   16         SH:  0    Dex: 14    Spells: 2/2 levels left
                                        Lives:  0   Deaths: 0

rFire    . . .     SeeInvis +     - Unarmed
rCold    . . .     Faith    .   (shield unavailable)
rNeg     . . .     Spirit   .   (armour unavailable)
rPois    .         Reflect  .   (helmet unavailable)
rElec    .         Harm     .   (cloak unavailable)
rCorr    .         Rampage  .   (gloves unavailable)
Will     .....                  (boots unavailable)
Stlth    +++.......             (no amulet)
HPRegen  0.05/turn              (no ring)
MPRegen  0.09/turn              (no ring)

@: lethally poisoned (0 -> -1), quick
A: very small, claws 1, fangs 3, see invisible, speed 1, shaggy fur 1, stealthy
paws, no weapons or thrown items, no armour, multi-lived
a: no special abilities


You were on level 2 of the Dungeon.
You visited 1 branch of the dungeon, and saw 2 of its levels.

You collected 16 gold pieces.

Inventory:

Jewellery
 f - a ring of positive energy
 h - a ring of ice
Scrolls
 c - a scroll of teleportation
 d - a scroll of identify {unknown}
Potions
 a - 2 potions of haste
 b - a potion of curing
 e - a potion of flight {unknown}
 g - a potion of attraction {unknown}


   Skills:
 - Level 1.0 Fighting
 + Level 3.8 Dodging
 - Level 4.0 Stealth
 + Level 3.6 Unarmed Combat
 - Level 1.1 Evocations


You had 2 spell levels left.
You didn't know any spells.
Your spell library was empty.

Dungeon Overview and Level Annotations

Branches:
Dungeon (1/15)

Altars:


Innate Abilities, Weirdness & Mutations

You have sharp claws.
You have razor-sharp teeth.
You have supernaturally acute eyesight. (SInv)
You cover ground quickly. (Speed+)
You are covered in fur. (AC +1)
Your paws help you pounce on unaware monsters.
You are incapable of wielding weapons or throwing items.
You cannot wear armour.
You gain extra lives every three experience levels.


Message History

You kill the adder!
No target in view!
No target in view!
No target in view!
No target in view!
No target in view!
No target in view!
No target in view!
No target in view!
No target in view!
A ball python comes into view.
An adder comes into view.
You catch the helpless ball python completely off-guard!
You claw the ball python!
You kill the ball python!
You have reached level 3!
Your experience leads to an increase in your attributes!
Increase (S)trength, (I)ntelligence, or (D)exterity?
You feel stronger.
A bat comes into view.
The adder hisses angrily.
The adder bites you.
You closely miss the adder. Your bite misses the adder. The adder bites you.
You are poisoned.
The adder poisons you! The adder bites you.
You are too injured to fight recklessly!
You are too injured to fight recklessly!
You feel sick.
* * * LOW HITPOINT WARNING * * *
You feel sick. The bat misses you.
* * * LOW HITPOINT WARNING * * *
You feel sick.
The ball python hisses angrily.
The bat closely misses you.
* * * LOW HITPOINT WARNING * * *
You feel sick.
You see here 3 scrolls labelled KASUMUE YNUR.
* * * LOW HITPOINT WARNING * * *
You feel sick. The bat misses you.
You die...

....∩.......#.............
.##.........#.............
>.........................
................##.####...
......................####
............###.......#
..###.......# #.......# ..
#.#.....###.......# .
..#.........@.!...#
..#...#..#........##
.........bS..S...
............##...
.......†....##...
######..#........
#..#........ #..#........
...##.......


You could see an adder, a bat and a ball python.

Vanquished Creatures
  An adder (D:2)
  A dart slug (D:1)
  2 bats
  2 endoplasms
  3 goblins
  A quokka (D:1)
  6 ball pythons
  A frilled lizard (D:1)
17 creatures vanquished.

Notes
Turn   | Place    | Note
-------+----------+-------------------------------------------
     0 | D:1      | Descartes the Felid Wanderer began the quest for the Orb.
     0 | D:1      | Descartes set off with the following items: a potion of
                  | haste, a potion of curing, a scroll of teleportation
     0 | D:1      | Reached XP level 1. HP: 9/9 MP: 2/2
   156 | D:1      | Reached XP level 2. HP: 12/12 MP: 3/3
   341 | D:1      | You fall into a shaft and drop 1 floor!
   341 | D:2      | Found a faded altar of an unknown god.
   472 | D:2      | Reached XP level 3. HP: 13/15 MP: 4/4
   483 | D:2      | Succumbed to an adder's poison

Illustrated notes

Levels and vault maps discovered:
D:1:      saegor_arrival_simple_d, layout_basic, serial_forest,
          infiniplex_forest_straight_2, infiniplex_forest_straight_5,
          infiniplex_forest_clump_large, infiniplex_forest_lined_ring,
          infiniplex_forest_straight_2, minmay_stone_trees_small,
          minmay_split_cup_small
D:2:      layout_basic, hellmonk_ecumenical_altar_arch_garden

Skill      XL: |  1 |
---------------+----+-----
Dodging        | 3 |  3.8
Fighting       | |  1.0
Stealth        | |  4.0
Unarmed Combat | |  3.6
Evocations     | |  1.1

Action                   || total
-------------------------++-------
Melee: Unarmed           ||    36
       Bite              ||     1
 Stab: Sleeping          ||     6
       Distracted        ||     1
Armor: Skin              ||     6
Dodge: Dodged            ||    31
